 Dungeon Crawl Stone Soup version 0.28-a0-1002-gf00fe891ef (webtiles) character file.

Game seed: 3624448729295090474

68 ytrimaz the Insei (level 4, -5/36 HPs)
             Began as an Octopode Chaos Knight on Dec 6, 2021.
             Was a Plaything of Xom.
             Killed from afar by a white imp (9 damage)
             ... with a puff of frost
             ... summoned by Xom
             ... on level 3 of the Dungeon.
             The game lasted 00:02:57 (2469 turns).

ytrimaz the Insei (Octopode Chaos Knight)           Turns: 2469, Time: 00:02:57

Health: -5/36      AC:  1    Str: 11    XL:     4   Next: 19%
Magic:  13/13      EV: 13    Int: 18    God:    Xom [*.....]
Gold:   48         SH:  0    Dex: 11    Spells: 2/3 levels left

rFire   . . .      SeeInvis .     - Unarmed
rCold   . . .      Faith    .   (no shield)
rNeg    + . .      Spirit   .   (helmet restricted)
rPois   +          Reflect  .   (no amulet)
rElec   .          Harm     .   a - ring "Xuik" {rPois rN+ Will+ MP+9}
rCorr   .          Rampage  .   (no ring)
Will    +....                   (no ring)
Stlth   ++........              (no ring)
HPRegen 0.12/turn               (no ring)
MPRegen 0.13/turn               (no ring)
                                (no ring)
                                (no ring)

@: no status effects
A: almost no armour, amphibious, 8 rings, camouflage 1, gelatinous body 1,
(nimble swimmer 1), tentacles, clever 1, robust 1
a: Renounce Religion


You were on level 3 of the Dungeon.
You worshipped Xom.
You were a special plaything of Xom.
You visited 1 branch of the dungeon, and saw 3 of its levels.

You collected 48 gold pieces.

Inventory:

Jewellery
 a - the ring "Xuik" (left tentacle) {rPois rN+ Will+ MP+9}
   (You acquired it on level 1 of the Dungeon)

   [ring of magical power]

   rPois:     It protects you from poison.
   rN:        It protects you from negative energy.
   MP:        It affects your magic capacity (+9).
   Will:      It increases your willpower.
 b - a ring of fire
Scrolls
 c - a scroll of amnesia
Potions
 d - a potion of berserk rage {unknown}
 h - a potion of brilliance {unknown}


   Skills:
 + Level 3.7 Fighting
 - Level 2.3 Dodging
 + Level 4.2 Unarmed Combat
 * Level 1.0 Transmutations


You had 2 spell levels left.
You knew the following spells:

 Your Spells              Type           Power      Damage    Failure   Level
a - Beastly Appendage     Tmut           6%         N/A       14%         1

Your spell library contained the following spells:

 Spells                   Type           Power      Damage    Failure   Level
 Wereblood                Tmut           3%         N/A       22%         2
 Spider Form              Tmut/Pois      1%         N/A       47%         3


Dungeon Overview and Level Annotations

Branches:
Dungeon (3/15)

Altars:


Innate Abilities, Weirdness & Mutations

You cannot wear most types of armour.
You are amphibious.
You can wear up to eight rings at the same time.
Your skin changes colour to match your surroundings (Stealth+).
Your rubbery body absorbs attacks. (AC +1, EV +1)
((You are camouflaged near water. (Stealth+)))
You have tentacles for arms and can constrict up to eight enemies at once.
Your mind is acute. (Int +2)
You are robust. (+10% HP)


Message History

The ufetubus closely misses you. The ufetubus barely misses you.
You feel much better. The ufetubus closely misses you. The ufetubus misses you.
The ufetubus closely misses you. The ufetubus completely misses you.
The ufetubus closely misses you. The ufetubus hits you.
Unknown command.
The ufetubus completely misses you. The ufetubus misses you.
You tentacle-slap the ufetubus. Your grab misses the ufetubus.
Your tentacle-slap misses the ufetubus.
The ufetubus is lightly wounded.
The ufetubus hits you. The ufetubus barely misses you. x3
You completely miss the ufetubus. You grab the ufetubus.
The ufetubus is lightly wounded.
You constrict the ufetubus, but do no damage.
The ufetubus hits you. x2
You bludgeon the ufetubus!
You kill the ufetubus!
The ufetubus disappears in a puff of smoke!
The ufetubus hits you. x2
You tentacle-slap the ufetubus. Your grab misses the ufetubus.
Your tentacle-slap misses the ufetubus.
The ufetubus is moderately wounded.
Your tentacle spike disappears.
You closely miss the white imp. You grab the white imp.
You constrict the white imp, but do no damage.
You tentacle-slap the white imp.
The white imp is lightly wounded.
You constrict the white imp, but do no damage.
The white imp barely misses you.
You tentacle-slap the white imp but do no damage.
The white imp is lightly wounded.
You constrict the white imp. The white imp gestures at you.
The puff of frost hits you!
* * * LOW HITPOINT WARNING * * *
You tentacle-slap the white imp.
The white imp is heavily wounded.
You constrict the white imp. The white imp gestures at you.
The puff of frost hits you!
You die...

#.#.# #....#..#.<.....
#.#.######.#....#.####
#.....................
#.#.######.##...#.####
#.#......#.##......,,,
###'#.####.#.....###.#**
#.....# #...##..# *.#
#....#####.#.##..# *.#
#....55@.....##.,# *.#
#....#####.###*,,* *,*
#....## ######*,,***,*
#...†.###....##,,,,*,*
#####†##......##****,***
#..........# *,,,,,,
###........# *,,,,,,
#........# *,,,,,,
#........# *,,,,,,


You could see a white imp (summoned) and an ufetubus (summoned).

Vanquished Creatures
  2 worms (D:2)
  A dart slug (D:3)
  6 ball pythons
  5 endoplasms
  14 giant cockroaches
  A goblin (D:2)
  5 hobgoblins
  2 jackals (D:2)
  6 kobolds
  A quokka (D:2)
  4 bats (D:1)
  4 rats
51 creatures vanquished.

Notes
Turn   | Place    | Note
-------+----------+-------------------------------------------
     0 | D:1      | ytrimaz the Octopode Chaos Knight began the quest for the
                  | Orb.
     0 | D:1      | Reached XP level 1. HP: 16/16 MP: 1/1
   233 | D:1      | Reached XP level 2. HP: 12/21 MP: 2/2
   324 | D:1      | XOM: silly message
   824 | D:1      | Identified a scroll of acquirement
   824 | D:1      | Acquired the ring "Xuik" {rPois rN+ Will+ MP+9}
  1129 | D:2      | Found a faded altar of an unknown god.
  1214 | D:2      | Learned a level 1 spell: Beastly Appendage
  1313 | D:2      | Reached XP level 3. HP: 16/26 MP: 3/3
  1613 | D:2      | XOM: divination: magic mapping
  1951 | D:2      | XOM: give mutations
  1951 | D:2      | Gained mutation: You are robust. (+10% HP) [Xom's grace]
  1951 | D:2      | Gained mutation: Your mind is acute. (Int +2) [Xom's grace]
  2335 | D:3      | Reached skill level 4 in Unarmed Combat
  2343 | D:3      | Reached XP level 4. HP: 27/35 MP: 4/4
  2352 | D:3      | Reached skill level 1 in Transmutations
  2446 | D:3      | XOM is BORED!
  2446 | D:3      | XOM: summons 3 hostile demons
  2469 | D:3      | Killed from afar by a white imp

Illustrated notes

Levels and vault maps discovered:
D:1:      scummos_arrival_checkerplants, layout_basic, st_stairs_5,
          kennysheep_small_spiral
D:2:      layout_loops_ring, shapermc_ecumenical_altar_hornbeckon
D:3:      minmay_roachtagon, layout_basic

Skill      XL: |  1  2  3  4 |
---------------+-------------+-----
Unarmed Combat | 4 |  4.2
Transmutations | 1 |  1.0
Fighting       | |  3.7
Dodging        | |  2.3

Action                   |  1- 3 |  4- 6 || total
-------------------------+-------+-------++-------
Melee: Unarmed           |    95 |    26 ||   121
       Constrict         |    25 |     7 ||    32
       Tentacles         |    12 |     1 ||    13
       Kick              |     9 |     1 ||    10
       Punch             |       |     1 ||     1
 Cast: Beastly Appendage |     7 |     1 ||     8
  Use: Scroll            |     5 |     2 ||     7
       Potion            |       |     2 ||     2
 Stab: Sleeping          |    10 |       ||    10
       Distracted        |     1 |       ||     1
Armor: Skin              |     4 |     1 ||     5
Dodge: Dodged            |    46 |    37 ||    83

Table legend: (Time is in decaauts)
 A = Elapsed time spent in this place.
 B = Non-inter-level travel time spent in this place.
 C = Inter-level travel time spent in this place.
 D = Time resting spent in this place.
 E = Time spent auto-exploring this place.
 F = Levels seen in this place.
 G = Mean time per level.
                   A        B        C        D        E       F      G
               +--------+--------+--------+--------+--------+-----+--------+
         Total |   2459 |   2429 |     30 |     62 |   2007 |   3 |  819.7 |
       Dungeon |   2459 |   2429 |     30 |     62 |   2007 |   3 |  819.7 |
               +--------+--------+--------+--------+--------+-----+--------+

Top non-repeatable levels by time:
     D:2: 1130 daAuts
     D:1: 1093 daAuts
     D:3: 235 daAuts
